 Dungeon Crawl Stone Soup version 0.30-a0-718-geaa24f58ff (webtiles) character file.

Game seed: 3650985812125781145

50922 RapScallion the Severer (level 14, 0/118 HPs)
             Began as a Hill Orc Reaver on Jan 25, 2023.
             Was a High Priest of Vehumet.
             Slain by a skeletal warrior
             ... wielding a +0 halberd
              (16 damage)
             ... on level 12 of the Dungeon on Jan 26, 2023.
             The game lasted 02:06:49 (23015 turns).

RapScallion the Severer (Hill Orc Reaver)          Turns: 23015, Time: 02:06:50

Health: 0/118      AC: 18    Str: 21    XL:     14   Next: 57%
Magic:  26/26      EV: 11    Int: 26    God:    Vehumet [*****.]
Gold:   2198       SH: 10    Dex: 11    Spells: 20/30 levels left

rFire   . . .      SeeInvis +    q - +9 hand axe of Jellotoij {freeze, rPois Int+2 Dex+2 Stlth+}
rCold   + . .      Faith    .    g - +0 buckler
rNeg    + . .      Spirit   .    J - +2 leather armour {rC+}
rPois   +          Reflect  +    L - +2 hat {Will+}
rElec   +          Harm     .    z - +2 cloak
rCorr   +          Rampage  .    T - +2 pair of gloves "Biwol" {Regen+ Int+9 SInv Stlth-}
Will    +++..                    B - +2 pair of boots
Stlth   +                        d - amulet of reflection
HPRegen 1.19/turn                b - ring of Inon {Will+ Slay+3}
MPRegen 0.20/turn                A - ring "Ufery" {rElec rN+ rCorr Str+5 Dex-2}

@: swift, very quick
A: no striking features
a: Renounce Religion


You were on level 12 of the Dungeon.
You worshipped Vehumet.
Vehumet was extremely pleased with you.
You visited 3 branches of the dungeon, and saw 18 of its levels.

You collected 2198 gold pieces.

Inventory:

Hand Weapons
 q - the +9 hand axe of Jellotoij (weapon) {freeze, rPois Int+2 Dex+2 Stlth+}
   (You found it on level 3 of the Dungeon)

   Int:       It affects your intelligence (+2).
   Dex:       It affects your dexterity (+2).
   rPois:     It protects you from poison.
   Stlth:     It makes you more stealthy.
 I - a +4 scimitar of flaming
Armour
 g - a +0 buckler (worn)
 z - a +2 cloak (worn)
 B - a +2 pair of boots (worn)
 J - a +2 leather armour of cold resistance (worn)
 L - a +2 hat of willpower (worn)
 T - the +2 pair of gloves "Biwol" (worn) {Regen+ Int+9 SInv Stlth-}
   (You acquired it on level 3 of the Lair of Beasts)

   Int:       It affects your intelligence (+9).
   SInv:      It lets you see invisible.
   Regen:     It increases your rate of health regeneration.
   Stlth:     It makes you less stealthy.
Jewellery
 b - the ring of Inon (left hand) {Will+ Slay+3}
   (You found it on level 5 of the Dungeon)

   [ring of willpower]

   Slay:      It affects your accuracy & damage with ranged weapons and melee
   (+3).
   Will:      It increases your willpower.
 d - an amulet of reflection (around neck)
 l - a ring of protection from cold
 m - a ring of magical power
 x - a ring of willpower
 A - the ring "Ufery" (right hand) {rElec rN+ rCorr Str+5 Dex-2}
   (You took it off a wight on level 6 of the Dungeon)

   [ring of resist corrosion]

   Str:       It affects your strength (+5).
   Dex:       It affects your dexterity (-2).
   rElec:     It insulates you from electricity.
   rN:        It protects you from negative energy.
   rCorr:     It protects you from acid and corrosion.
 O - a ring of ice
Wands
 y - a wand of quicksilver (7)
Scrolls
 o - a scroll of amnesia
 p - a scroll of noise {unknown}
 r - 4 scrolls of torment
 s - 2 scrolls of vulnerability
 w - a scroll of brand weapon
 C - 2 scrolls of blinking
 D - 3 scrolls of fear
 F - 3 scrolls of fog
 N - 2 scrolls of enchant weapon {unknown}
 P - 4 scrolls of magic mapping
 S - a scroll of silence {unknown}
 V - a scroll of teleportation
Potions
 c - 12 potions of curing
 e - 2 potions of invisibility
 f - 3 potions of degeneration
 i - a potion of cancellation {unknown}
 j - 5 potions of brilliance
 k - a potion of berserk rage {unknown}
 n - 4 potions of attraction
 t - a potion of might
 u - 2 potions of haste {unknown}
 v - a potion of flight {unknown}
 E - a potion of lignification {unknown}
 H - 2 potions of mutation {unknown}
 K - a potion of magic {unknown}
 Q - 4 potions of ambrosia


   Skills:
 + Level 9.2 Fighting
 - Level 4.5 Long Blades
 + Level 15.5 Axes
 + Level 7.9 Armour
 - Level 2.0 Dodging
 - Level 0.1 Stealth
 - Level 5.0 Shields
 + Level 8.9 Spellcasting
 + Level 10.9 Conjurations
 + Level 3.7 Translocations
 + Level 0.4 Fire Magic
 + Level 8.6 Air Magic


You had 20 spell levels left.
You knew the following spells:

 Your Spells              Type           Power      Damage    Failure   Level
a - Kiss of Death         Conj/Necr      100%       2d13      1%          1
b - Momentum Strike       Conj/Tloc      98%        3d10      1%          2
c - Shock                 Conj/Air       100%       1d9       1%          1
d - Swiftness             Air            54%        N/A       1%          3
e - Kindle Blastsparks    Fire/Tloc/Air  66%        2d15      1%          3

Your spell library contained the following spells:

 Spells                   Type           Power      Damage    Failure   Level
 Freezing Cloud           Conj/Ice/Air   22%        6-21      4%          5
 Poisonous Vapours        Pois/Air       68%        N/A       1%          2
 Dazzling Flash           Conj/Hex       80%        N/A       1%          3
 Hailstorm                Conj/Ice       40%        3d10      1%          3
 Airstrike                Air            27%        2d(4-20)  1%          4
 Sticky Flame             Conj/Fire      41%        2d6       2%          4
 Frozen Ramparts          Ice            22%        1d4       6%          3
 Ignite Poison            Fire/Tmut/Pois 12%        N/A       6%          3
 Sting                    Tmut/Pois      44%        1d5       8%          1
 Ensorcelled Hibernation  Hex/Ice        22%        N/A       12%         2
 Olgreb's Toxic Radiance  Pois           11%        N/A       19%         4
 Spider Form              Tmut/Pois      11%        N/A       22%         3
 Silence                  Hex/Air        17%        N/A       34%         5
 Anguish                  Hex/Necr       5%         N/A       58%         4
 Ice Form                 Ice/Tmut       11%        N/A       58%         4
 Summon Ice Beast         Ice/Summ       11%        N/A       58%         4
 Agony                    Necr           11%        N/A       91%         5
 Alistair's Intoxication  Tmut/Pois      7%         N/A       91%         5
 Borgnjor's Vile Clutch   Necr/Erth      5%         N/A       91%         5
 Eringya's Noxious Bog    Tmut/Pois      5%         N/A       94%         6
 Ignition                 Fire           6%         3d4       100%        8


Dungeon Overview and Level Annotations

Branches:
Dungeon (12/15)            Temple (1/1) D:7            Lair (5/5) D:11
  Swamp (0/4) Lair:3       Spider (0/4) Lair:3        Slime (0/5) Lair:5
    Orc: D:9-12

Altars:
Ashenzari
Cheibriados
Dithmenos
Elyvilon
Fedhas
Gozag
Hepliaklqana
Kikubaaqudgha
Makhleb
Nemelex Xobeh
Okawaru
Qazlal
Ru
Sif Muna
Trog
Uskayaw
Vehumet
Wu Jian
Xom
Yredelemnul
Zin
The Shining One
Jiyva

Shops:
D:2 ([

Annotations:
D:7 1 runed translucent door, Crazy Yiuf
D:9 3 runed translucent doors, Tonberry's ghost, novice TrBe
Lair:1 1 runed translucent door
Lair:3 1 runed translucent door, Rupert


Message History

Things that are here:
a +0 giant spiked club; a +0 giant spiked club You slash the skeletal warrior!
The skeletal warrior is moderately damaged.
You block the skeletal warrior's attack.
You slash the skeletal warrior! You freeze the skeletal warrior.
The skeletal warrior is heavily damaged.
The skeletal warrior hits you with a +0 halberd!!
You hit the skeletal warrior but do no damage.
The skeletal warrior is heavily damaged.
The skeletal warrior hits you with a +0 halberd!!
* * * LOW HITPOINT WARNING * * *
You slash the skeletal warrior! You freeze the skeletal warrior.
The skeletal warrior is severely damaged.
The skeletal warrior hits you with a +0 halberd!
* * * LOW HITPOINT WARNING * * *
You hit the skeletal warrior.
The skeletal warrior is severely damaged.
You slash the skeletal warrior! You freeze the skeletal warrior.
The skeletal warrior is almost destroyed.
The skeletal warrior hits you with a +0 halberd!
* * * LOW HITPOINT WARNING * * *
You hit the skeletal warrior.
The skeletal warrior is almost destroyed.
The skeletal warrior hits you with a +0 halberd.
* * * LOW HITPOINT WARNING * * *
You feel much better.
You feel yourself speed up.
The skeletal warrior hits you but does no damage.
The skeletal warrior hits you with a +0 halberd!!
* * * LOW HITPOINT WARNING * * *
You hit the skeletal warrior but do no damage.
The skeletal warrior is almost destroyed.
You hit the skeletal warrior but do no damage.
The skeletal warrior is almost destroyed.
The skeletal warrior closely misses you.
You closely miss the skeletal warrior.
The skeletal warrior is almost destroyed.
The skeletal warrior hits you with a +0 halberd!
You die...

.##.##.####.#
.##.##.<....#
.##.###########
..............#####
##.#########......# #.#
#...#......# ##.#
####.#......# ...#
#........../## ####
#.##.....z@<.# ..
#.......†[# ...
#..######)# ##
#..#....#.# #.......#.#
##.......'.# #########
+....>..O########§..J.#.§
###.........W.xJ(..Wu...#
#.#############.....###


You could see a skeletal warrior.

Vanquished Creatures
  Kirke (D:12)
  Josephine (D:12)
  A catoblepas (Lair:5)
  2 hydras
  Erica (D:8)
  5 two-headed ogres
  4 death yaks
  Amaemon (Lair:1)
  2 bog bodies (Lair:3)
  Pikel (D:9)
  2 ugly things (D:12)
  2 cyclopes (D:12)
  A manticore (D:12)
  An oklob plant (Lair:2)
  6 elephants
  4 slime creatures (D:12)
  4 black mambas
  9 cane toads
  An orange demon (Lair:1)
  Psyche (D:9)
  12 komodo dragons
  2 rime drakes
  An unseen horror (D:12)
  A queen bee (Lair:2)
  A meliai (D:12)
  5 polar bears (Lair:5)
  6 hornets
  2 trolls
  8 blink frogs (Lair:3)
  Prince Ribbit (D:8)
  A dream sheep (Lair:5)
  A culicivora (Lair:3)
  2 jumping spiders (Lair:3)
  2 wyverns
  A shadow (D:10)
  15 spriggans (Lair:5)
  5 wraiths
  3 fire bats (Lair:5)
  A redback (Lair:3)
  2 hogs (D:12)
  A human (Lair:3)
  18 yaks
  4 basilisks
  2 steam dragons
  Grum (D:9)
  Menkaure (D:6)
  A swamp worm (Lair:3)
  14 vampire mosquitoes
  2 acid dragons
  11 water moccasins
  A sky beast (D:8)
  3 ice beasts
  4 orc warriors
  2 black bears (Lair:5)
  2 ogres
  32 wolves
  4 boggarts (Lair:5)
  3 centaurs
  4 lemures (D:9)
  3 kobold brigands
  A phantom (D:5)
  4 necrophages
  15 bullfrogs
  6 scorpions
  A water moccasin zombie (D:6)
  15 wights
  23 killer bees (Lair:2)
  An electric eel (Lair:3)
  2 howler monkeys
  3 bullfrog zombies (D:6)
  4 jellies
  4 hounds
  10 orc priests
  A gnoll bouda (D:7)
  A human zombie (D:4)
  Ijyb (D:3)
  7 iguanas
  7 orc wizards
  2 killer bee zombies (D:6)
  2 hound zombies (D:4)
  A mummy (D:4)
  5 gnolls
  3 adders
  3 shadow imps
  4 white imps
  2 ufetubi (D:4)
  An adder zombie (D:4)
  5 dart slugs
  41 orcs
  4 ball pythons
  4 endoplasms
  3 giant cockroaches
  9 goblins
  7 hobgoblins
  17 jackals
  15 kobolds
  8 quokkas
  9 bats
  4 frilled lizards
  6 rats
  A bush (D:10)
  A butterfly (D:4)
498 creatures vanquished.

Vanquished Creatures (others)
  A human (D:12)
  A wolf (Lair:5)
  A kobold brigand (D:8)
  48 fungi
  70 plants
121 creatures vanquished.

Grand Total: 619 creatures vanquished

Notes
Turn   | Place    | Note
-------+----------+-------------------------------------------
     0 | D:1      | RapScallion the Hill Orc Reaver began the quest for the
                  | Orb.
     0 | D:1      | Reached XP level 1. HP: 18/18 MP: 3/3
    40 | D:1      | Reached XP level 2. HP: 9/25 MP: 2/4
   362 | D:1      | Reached XP level 3. HP: 27/30 MP: 5/5
   457 | D:1      | Learned a level 2 spell: Momentum Strike
  1083 | D:2      | Reached skill level 1 in Armour
  1104 | D:2      | Reached XP level 4. HP: 10/37 MP: 2/6
  1213 | D:2      | Found a hazy altar of Hepliaklqana.
  1278 | D:2      | Found Muuhom's Weapon Shop.
  1540 | D:2      | Identified the +0 leather armour of Xeurhyci {Rampage}
  1559 | D:2      | Found Ganizi's Antique Armour Shop.
  1591 | D:2      | Found a blossoming altar of Fedhas.
  1894 | D:3      | Noticed Ijyb
  1902 | D:3      | Killed Ijyb
  1977 | D:3      | Reached XP level 5. HP: 45/45 MP: 7/7
  2110 | D:3      | Reached skill level 1 in Shields
  2186 | D:3      | Identified the +9 hand axe of Jellotoij {freeze, rPois
                  | Int+2 Dex+2 Stlth+}
  2332 | D:3      | Found an ornate altar of the Wu Jian Council.
  2728 | D:4      | Reached skill level 1 in Axes
  2841 | D:4      | Reached skill level 2 in Axes
  2841 | D:4      | Reached XP level 6. HP: 44/52 MP: 8/8
  2946 | D:4      | Reached skill level 3 in Axes
  3038 | D:4      | Reached skill level 4 in Axes
  3142 | D:4      | Reached XP level 7. HP: 59/59 MP: 9/9
  3169 | D:4      | Reached skill level 5 in Axes
  3275 | D:4      | Learned a level 1 spell: Shock
  3290 | D:4      | Reached skill level 6 in Axes
  3308 | D:4      | Found an ancient bone altar of Kikubaaqudgha.
  3525 | D:4      | Reached XP level 8. HP: 67/67 MP: 8/11
  3606 | D:4      | Found a shimmering altar of Xom.
  3625 | D:4      | Reached skill level 7 in Axes
  3850 | D:4      | Found an opulent altar of Gozag.
  4111 | D:5      | Entered Level 5 of the Dungeon
  4304 | D:5      | Reached skill level 5 in Fighting
  4530 | D:5      | Reached skill level 8 in Axes
  4619 | D:5      | Reached skill level 1 in Air Magic
  4787 | D:5      | Identified the ring of Inon {Will+ Slay+3}
  4862 | D:5      | Found a glowing golden altar of the Shining One.
  4935 | D:5      | Found a hide-covered altar of Uskayaw.
  4935 | D:5      | Found a sparkling altar of Nemelex Xobeh.
  4999 | D:5      | Reached skill level 1 in Translocations
  5180 | D:6      | Reached XP level 9. HP: 74/74 MP: 13/13
  5349 | D:6      | Found a glowing silver altar of Zin.
  5474 | D:6      | Noticed Menkaure
  5483 | D:6      | Killed Menkaure
  5554 | D:6      | Reached skill level 5 in Conjurations
  5591 | D:6      | Identified the ring "Ufery" {rElec rN+ rCorr Str+5 Dex-2}
  5829 | D:6      | Found a basalt altar of Yredelemnul.
  6308 | D:7      | Found a staircase to the Ecumenical Temple.
  6412 | Temple   | Entered the Ecumenical Temple
  6536 | Temple   | Became a worshipper of Vehumet
  6601 | D:7      | Learned a level 3 spell: Swiftness
  6634 | D:7      | Found a runed translucent door.
  6635 | D:7      | Noticed Crazy Yiuf
  6748 | D:7      | Found a snail-covered altar of Cheibriados.
  6920 | D:7      | Reached skill level 5 in Shields
  7338 | D:8      | Noticed a two-headed ogre
  7737 | D:8      | Reached XP level 10. HP: 74/81 MP: 17/17
  7765 | D:8      | Noticed Prince Ribbit
  7773 | D:8      | Killed Prince Ribbit
  7774 | D:8      | Reached skill level 5 in Spellcasting
  7988 | D:8      | Noticed Erica
  7995 | D:8      | Killed Erica
  8158 | D:8      | Killed a two-headed ogre
  8158 | D:8      | Reached * piety under Vehumet
  8158 | D:8      | Offered knowledge of Foxfire by Vehumet.
  8494 | D:8      | Reached skill level 5 in Armour
  8853 | D:9      | Noticed Psyche
  8865 | D:9      | Killed Psyche
  8866 | D:9      | Reached skill level 5 in Air Magic
  8995 | D:9      | Noticed Pikel
  9006 | D:9      | Killed Pikel
  9091 | D:9      | Noticed Grum
  9100 | D:9      | Killed Grum
  9371 | D:9      | Found a runed translucent gate.
  9371 | D:9      | Found a runed translucent gate.
  9371 | D:9      | Found a runed translucent gate.
  9372 | D:9      | Noticed a kobold demonologist
  9372 | D:9      | Noticed a kobold demonologist
  9372 | D:9      | Noticed Tonberry's ghost (novice TrBe)
  9372 | D:9      | Noticed a kobold demonologist
  9386 | D:9      | Noticed a kobold demonologist
  9386 | D:9      | Noticed a kobold demonologist
  9395 | D:9      | Noticed a rust devil
  9540 | D:9      | Reached XP level 11. HP: 79/86 MP: 18/18
  9547 | D:9      | Noticed a soul eater
  9549 | D:9      | Noticed a soul eater
  9550 | D:9      | Noticed a sun demon
  9551 | D:9      | Noticed a sun demon
  9789 | D:9      | Identified a scroll of acquirement
  9789 | D:9      | Acquired 1089 gold pieces
  9841 | D:10     | Entered Level 10 of the Dungeon
 10049 | D:10     | Found a shadowy altar of Dithmenos.
 10057 | D:10     | Found an iron altar of Okawaru.
 10115 | D:10     | Noticed a two-headed ogre
 10126 | D:10     | Killed a two-headed ogre
 10572 | D:10     | Found the +9 staff of Wucad Mu {*channel}
 10610 | D:10     | Found a sacrificial altar of Ru.
 10857 | D:11     | Reached ** piety under Vehumet
 10857 | D:11     | Offered knowledge of Magic Dart by Vehumet.
 10883 | D:11     | Noticed a two-headed ogre
 11644 | D:11     | Killed a two-headed ogre
 11991 | D:11     | Found a shadowy altar of Dithmenos.
 12099 | D:11     | Reached skill level 9 in Axes
 12412 | D:11     | Found a staircase to the Lair.
 12609 | Lair:1   | Entered Level 1 of the Lair of Beasts
 13051 | Lair:1   | Reached XP level 12. HP: 68/94 MP: 20/20
 13448 | Lair:1   | Reached skill level 10 in Axes
 13649 | Lair:1   | Noticed Amaemon
 13663 | Lair:1   | Killed Amaemon
 14037 | Lair:1   | Found a runed translucent door.
 14565 | Lair:2   | Offered knowledge of Kindle Blastsparks by Vehumet.
 14566 | Lair:2   | Reached skill level 11 in Axes
 15313 | Lair:2   | Reached *** piety under Vehumet
 15327 | Lair:2   | Reached skill level 12 in Axes
 15647 | Lair:2   | Found a hazy altar of Hepliaklqana.
 15868 | Lair:2   | Learned a level 3 spell: Kindle Blastsparks
 16093 | Lair:2   | Offered knowledge of Stone Arrow by Vehumet.
 16863 | Lair:3   | Reached skill level 13 in Axes
 16864 | Lair:3   | Reached XP level 13. HP: 75/100 MP: 21/23
 17216 | Lair:3   | Found a hole to the Spider Nest.
 17237 | Lair:3   | Reached skill level 10 in Conjurations
 18051 | Lair:3   | Reached skill level 14 in Axes
 19523 | Lair:3   | Reached **** piety under Vehumet
 19685 | Lair:3   | Found a staircase to the Swamp.
 19875 | Lair:3   | Found a runed translucent door.
 19897 | Lair:3   | Noticed Rupert
 19942 | Lair:3   | Acquired the +2 pair of gloves "Biwol" {Regen+ Int+9 SInv
                  | Stlth-}
 20044 | Lair:4   | Offered knowledge of Yara's Violent Unravelling by Vehumet.
 20058 | Lair:4   | Found a white marble altar of Elyvilon.
 20857 | Lair:5   | Entered Level 5 of the Lair of Beasts
 20896 | Lair:5   | Found a viscous altar of Jiyva.
 20897 | Lair:5   | Found a staircase to the Slime Pits.
 21575 | Lair:5   | Reached XP level 14. HP: 91/113 MP: 24/26
 21773 | Lair:5   | Paralysed by a hornet for 2 turns
 21873 | Lair:5   | Reached skill level 15 in Axes
 21943 | Lair:5   | Reached ***** piety under Vehumet
 22085 | Lair:5   | Offered knowledge of Freezing Cloud by Vehumet.
 22315 | Lair:5   | Upgraded the game from 0.30-a0-715-gdb4ae3ece1 to
                  | 0.30-a0-718-geaa24f58ff
 22600 | D:12     | Noticed Kirke
 22615 | D:12     | Noticed Josephine
 22628 | D:12     | Killed Kirke
 22658 | D:12     | Killed Josephine
 23015 | D:12     | Slain by a skeletal warrior

Illustrated notes

Levels and vault maps discovered:
D:1:      roderic_octagonal_star, layout_loops_ring, minmay_misc_feat_chi
D:2:      layout_basic, serial_shops, shop, shop, basic_altar,
          minmay_hexomino_r4
D:3:      layout_loops_ring, nzn_wu_jian_council_hall, uniq_ijyb
D:4:      layout_basic, lemuel_mausoleum_altar_kikubaaqudgha, xom_butterflies,
          grunt_gozag_statues
D:5:      layout_rooms, tso_metal_star,
          chequers_temple_overflow_statue_of_worship
D:6:      layout_rooms, nicolae_yredelemnul_corpse_copse, kennysheep_mini,
          grunt_decor_resistance, minmay_misc_feat_iff, uniq_menkaure
D:7:      layout_basic, mainiacjoe_overflow_catwalk,
          minmay_temple_entry_statues_pillars, uniq_crazy_yiuf_cottage
D:8:      layout_loops_corners, due_unseen_surprise, uniq_erica,
          uniq_prince_ribbit1
D:9:      layout_roguey, nzn_hepliaklqana_mist_gate,
          gammafunk_ghost_nasty_kobolds, uniq_psyche, uniq_grum, uniq_pikel
D:10:     layout_rooms, mainiacjoe_overflow_catch_the_wave,
          nicolae_ru_the_path_less_chosen
D:11:     layout_gridville, grunt_lair_entry_orc_guard_hut, dk_vineyard_2,
          grunt_dithmenos_shadows
D:12:     minmay_four_partial_circles, layout_basic, david_orc_3,
          portal_ice_cave_entry_pillars_1, uniq_nergalle, uniq_kirke,
          uniq_josephine
Temple:   nicolae_temple_two_arcs
Lair:1:   gammafunk_indiana_jones, layout_chaotic_city, grunt_megastairs_2,
          infiniplex_staircase_pool_2, uniq_amaemon
Lair:2:   layout_loops_ring, special_room [special_room_bee],
          lemuel_oklob_altar, serial_bayou_shore_b, grunt_megastairs_3
Lair:3:   layout_chaotic_city, nicolae_swamp_entry_splash_gauntlet,
          spider_nest_entry_funnel_web, chequers_serial_rivers_micro_d,
          pdpol_lair_cabin_in_the_woods
Lair:4:   layout_small_grid, basic_altar, cheibrodos_lair_caveside_slide,
          serial_bayou_shore_b
Lair:5:   minmay_lair_end_enchanted_forest, layout_gridlike, slime_entry_1,
          lemuel_old_faithful

Skill      XL: |  1  2  3  4  5  6  7  8  9 10 11 12 13 14 |
---------------+-------------------------------------------+-----
Long Blades    | 4 |  4.5
Armour         | 1 2 3 5 6 7 |  7.9
Dodging        | 2 |  2.0
Fighting       | 3 4 5 7 9 |  9.2
Shields        | 1 2 3 5 |  5.0
Axes           | 2 4 6 8 9 13 14 15 | 15.5
Spellcasting   | 2 3 4 5 7 8 |  8.9
Conjurations   | 4 5 8 9 10 | 10.9
Air Magic      | 2 3 6 8 |  8.6
Translocations | 1 2 3 |  3.7
Stealth        | |  0.1
Fire Magic     | |  0.4

Action                     |  1- 3 |  4- 6 |  7- 9 | 10-12 | 13-15 || total
---------------------------+-------+-------+-------+-------+-------++-------
  Melee: Falchion          |   130 |   109 |       |       |       ||   239
         Punch             |     1 |       |       |       |       ||     1
         Hand axe          |       |    66 |   274 |   576 |   594 ||  1510
         Scimitar          |       |       |       |       |    11 ||    11
   Cast: Kiss of Death     |     1 |       |       |     1 |       ||     2
         Momentum Strike   |     2 |     5 |    10 |    10 |     5 ||    32
         Shock             |       |       |   117 |   219 |   151 ||   487
         Swiftness         |       |       |     1 |    16 |    11 ||    28
         Kindle Blastspark |       |       |       |     5 |     2 ||     7
    Use: Scroll            |       |     3 |     5 |    20 |     5 ||    33
         Potion            |       |       |       |       |     1 ||     1
   Stab: Sleeping          |       |     6 |     4 |       |       ||    10
         Distracted        |       |       |       |       |     1 ||     1
 Armour: Leather armour    |    41 |    24 |    27 |   191 |   156 ||   439
  Dodge: Dodged            |    77 |    77 |    81 |   238 |   185 ||   658
  Block: Other             |     4 |    10 |       |       |       ||    14
         Buckler           |       |    51 |   109 |   272 |   221 ||   653
         Reflection        |       |       |     5 |     6 |     2 ||    13

Table legend: (Time is in decaauts)
 A = Elapsed time spent in this place.
 B = Non-inter-level travel time spent in this place.
 C = Inter-level travel time spent in this place.
 D = Time resting spent in this place.
 E = Time spent auto-exploring this place.
 F = Levels seen in this place.
 G = Mean time per level.
                   A        B        C        D        E       F      G
               +--------+--------+--------+--------+--------+-----+--------+
         Total |  22831 |  22177 |    654 |   9255 |   2559 |  18 | 1268.4 |
       Dungeon |  13062 |  12730 |    332 |   4910 |   1051 |  12 | 1088.5 |
        Temple |    133 |    111 |     22 |      0 |    106 |   1 |  133.0 |
          Lair |   9635 |   9335 |    300 |   4345 |   1402 |   5 | 1927.0 |
               +--------+--------+--------+--------+--------+-----+--------+

Top non-repeatable levels by time:
  Lair:2: 3178 daAuts
  Lair:3: 2354 daAuts
  Lair:1: 1777 daAuts
     D:8: 1603 daAuts
    D:10: 1565 daAuts
    D:11: 1493 daAuts
     D:4: 1469 daAuts
  Lair:5: 1399 daAuts
     D:1: 1077 daAuts
     D:9: 1005 daAuts
     D:5: 1005 daAuts
     D:6: 981 daAuts
     D:7: 958 daAuts
  Lair:4: 925 daAuts
     D:2: 840 daAuts
